[Event "***Titled Tuesday 3|2 Blitz"]
[Site "Chess.com"]
[Date "2017.02.07"]
[Round "1"]
[White "chorejason"]
[Black "gammagramma"]
[Result "0-1"]
[WhiteElo "2023"]
[BlackElo "2445"]
[TimeControl "180+2"]
[EndTime "13:02:22 PST"]
[Termination "gammagramma won by resignation"]

1. e4 Nc6 2. d4 d5 3. Nc3 e5 4.
dxe5 d4 5. Nd5 Nge7 6. Nxe7 Qxe7 7. Nf3 Bg4 8. Bb5 Qb4+ 9. c3 Qxb5 10. cxd4 O-O-O 11. h3 Bb4+ 12. Bd2 Bxd2+ 13. Qxd2 Bxf3 14. gxf3 Nxd4 0-1

[Event "***Titled Tuesday 3|2 Blitz"]
[Site "Chess.com"]
[Date "2017.02.07"]
[Round "1"]
[White "MyleneFarmer"]
[Black "Zlatan56"]
[Result "0-1"]
[WhiteElo "2358"]
[BlackElo "2649"]
[TimeControl "180+2"]
[EndTime "13:02:24 PST"]
[Termination "Zlatan56 won by resignation"]

1. e4 g6 2. d4 Bg7 3. Nc3 d6 4.
Be3 a6 5. Qd2 b5 6. f3 Nd7 7. h4 h6 8. Nh3 Bb7 9. O-O-O e6 10. Nf4 Ne7 11. Kb1 c5 12. dxc5 dxc5 13. Nxb5 axb5 14. Bxb5 Bc6 15. Bc4 Qb6 16. b3 Rxa2 0-1

[Event "***Titled Tuesday 3|2 Blitz"]
[Site "Chess.com"]
[Date "2017.02.07"]
[Round "1"]
[White "SwiftyMcBishop"]
[Black "Konavets"]
[Result "0-1"]
[WhiteElo "2201"]
[BlackElo "2525"]
[TimeControl "180+2"]
[EndTime "13:02:59 PST"]
[Termination "Konavets won by resignation"]

1. e4 Nc6 2. d4 d5 3. e5 Bf5 4.
Bd3 Nxd4 5. c3 Bxd3 6. cxd4 Ba6 7. Nc3 e6 8. f4 h5 9. Nf3 Nh6 10. Kf2 Be7 11. h3 c5 12. Be3 Nf5 13. Rc1 Bh4+ 14. Kg1 Nxe3 15. Qa4+ Kf8 16. Qa3 Nc4 17. Qxc5+ Be7 0-1

[Event "***Titled Tuesday 3|2 Blitz"]
[Site "Chess.com"]
[Date "2017.02.07"]
[Round "1"]
[White "underdogchss"]
[Black "Dale"]
[Result "1-0"]
[WhiteElo "2429"]
[BlackElo "1961"]
[TimeControl "180+2"]
[EndTime "13:03:03 PST"]
[Termination "underdogchss won by checkmate"]

1. d4 d5 2. Nf3 Nf6 3. c4 e6 4. Nc3 dxc4 5. e4 Bb4 6. Bg5 c5 7.
Bxc4 cxd4 8. Nxd4 Bxc3+ 9. bxc3 Qa5 10. Bb5+ Nbd7 11. Bxf6 gxf6 12. O-O a6 13. Bxd7+ Bxd7 14. Qb3 b5 15. Rad1 Rc8 16. Rd3 Rxc3 17. Rxc3 O-O 18.
Rg3+ Kh8 19. Qf3 f5 20. exf5 e5 21. Qg4 exd4 22. Qg7# 1-0

[Event "***Titled Tuesday 3|2 Blitz"]
[Site "Chess.com"]
[Date "2017.02.07"]
[Round "1"]
[White "Pierrebl"]
[Black "FairChess_on_YouTube"]
[Result "0-1"]
[WhiteElo "2399"]
[BlackElo "2746"]
[TimeControl "180+2"]
[EndTime "13:04:12 PST"]
[Termination "FairChess_on_YouTube won by resignation"]

1. e4 c5 2. Nf3 d6 3. d4 cxd4 4.
Nxd4 Nf6 5. Nc3 a6 6. h3 g6 7.
g4 Bg7 8. Be3 h5 9. g5 Nfd7 10.
h4 Nc6 11. Qd2 Nde5 12. Be2 Bg4 13. f4 Bxe2 14. Qxe2 Ng4 15. Nxc6 bxc6 16. Bd2 Rb8 0-1

[Event "***Titled Tuesday 3|2 Blitz"]
[Site "Chess.com"]
[Date "2017.02.07"]
[Round "1"]
[White "jb2mix"]
[Black "EltajSafarli"]
[Result "0-1"]
[WhiteElo "2405"]
[BlackElo "2820"]
[TimeControl "180+2"]
[EndTime "13:04:41 PST"]
[Termination "EltajSafarli won by resignation"]

1. d4 Nf6 2. c4 g6 3. Nc3 d5 4. Nf3 Bg7 5. h4 dxc4 6. e4 c5 7.
d5 b5 8. h5 Nxh5 9. Nxb5 Bg4 10.
Bxc4 Nd7 11. Rh4 Ne5 12. Be2 Bxf3 13. gxf3 c4 14. Nc3 e6 15. Rxh5 gxh5 16. f4 Ng4 17.
Bxg4 hxg4 18. Qxg4 Bxc3+ 19. bxc3 Qf6 20. Rb1 Qxc3+ 21.
Bd2 Qd3 22. Rc1 Qxe4+ 0-1

[Event "***Titled Tuesday 3|2 Blitz"]
[Site "Chess.com"]
[Date "2017.02.07"]
[Round "1"]
[White "BillieKimbah"]
[Black "coalescenet"]
[Result "1-0"]
[WhiteElo "2597"]
[BlackElo "2310"]
[TimeControl "180+2"]
[EndTime "13:04:41 PST"]
[Termination "BillieKimbah won by resignation"]

1. Nf3 d5 2. g3 Nf6 3. Bg2 e6 4. O-O Be7 5. c4 O-O 6. d4 dxc4 7. Qc2 a6 8. a4 Ra7 9. Rd1 b6 10. Ne5 Bb7 11. Bxb7 Rxb7 12. Qxc4 c5 13. Nc3 cxd4 14. Rxd4 Qc7 15. Bf4 Qxc4 16. Nxc4 Nc6 17.
Rdd1 Nb4 18. Rac1 Rc8 19. Nd6 Bxd6 20. Bxd6 Nfd5 21. Nxd5 Rxc1 22. Rxc1 1-0

[Event "***Titled Tuesday 3|2 Blitz"]
[Site "Chess.com"]
[Date "2017.02.07"]
[Round "1"]
[White "Lukianoo"]
[Black "PlotnikovPavel"]
[Result "1-0"]
[WhiteElo "2597"]
[BlackElo "2318"]
[TimeControl "180+2"]
[EndTime "13:05:34 PST"]
[Termination "Lukianoo won by resignation"]

1. e4 e6 2. b3 d5 3. Bb2 dxe4 4. Nc3 Nf6 5. Qe2 Be7 6. O-O-O b6 7. g4 h6 8. Bg2 Bb7 9. h4 Nbd7 10. Nxe4 Nxe4 11. Bxe4 Bxe4 12. Qxe4 Bf6 13. d4 Bxh4 14. Rxh4 O-O 15. Nf3 Nf6 16. Qe5 Nd7 17. Qh2 Qf6 18.
Qg3 Qg6 19. g5 hxg5 20. Nxg5 f6 21. Nxe6 Qxg3 22. fxg3 Rfc8 23. d5 Kf7 24. Rh7 Rg8 25. Nxc7 Rac8 26. Ne6 b5 27. g4 Nb6 28. g5 Kg6 29.
Rhh1 f5 30. Rhg1 Nd7 31. Nf4+ Kf7 32. g6+ Ke7 33. d6+ Kd8 34. Ne6+ 1-0

[Event "***Titled Tuesday 3|2 Blitz"]
[Site "Chess.com"]
[Date "2017.02.07"]
[Round "1"]
[White "dcremisi"]
[Black "vellottiwizard"]
[Result "0-1"]
[WhiteElo "2249"]
[BlackElo "2543"]
[TimeControl "180+2"]
[EndTime "13:05:50 PST"]
[Termination "vellottiwizard won by resignation"]

1. d4 Nf6 2. Nf3 e6 3. c4 b6 4. g3 Bb7 5. Bg2 Be7 6. O-O O-O 7. Nc3 Ne4 8. Nxe4 Bxe4 9. Ne5 Bxg2 10. Kxg2 Qc8 11. Qd3 Qb7+ 12. Qf3 Qxf3+ 13. Kxf3 d6 14. Nd3 Nd7 15. b3 c5 16. Bb2 Rac8 17. Kg2 Rfd8 18. Rfd1 Nf6 19. e3 Bf8 20. Rac1 a6 21.
f3 Rc7 22. Rd2 Rdc8 23. Rcd1 Nd7 24. Nf2 b5 25. dxc5 Nxc5 26. cxb5 axb5 27. Nd3 Nxd3 28. Rxd3 Ra8 29. a3 d5 30. b4 Rc4 31. Rc3 Rxc3 32. Bxc3 Rxa3 33. Rc1 f6 34. Bd4 Bxb4 35.
Rc6 Kf7 36. Rb6 Bd2 37. Kf2 b4 38. Ke2 Bc3 39. Bxc3 bxc3 40. Kd3 c2+ 41. Kxc2 Rxe3 0-1

[Event "***Titled Tuesday 3|2 Blitz"]
[Site "Chess.com"]
[Date "2017.02.07"]
[Round "1"]
[White "scenicregal"]
[Black "Hamisandwich"]
[Result "0-1"]
[WhiteElo "1834"]
[BlackElo "2421"]
[TimeControl "180+2"]
[EndTime "13:05:50 PST"]
[Termination "Hamisandwich won by checkmate"]

1. e4 c6 2. d4 d5 3. Nc3 a6 4.
Nf3 Bg4 5. h3 Bh5 6. g4 Bg6 7.
exd5 cxd5 8. Ne5 Nc6 9. Bg2 e6 10. O-O Bb4 11. Nxc6 bxc6 12. Ne2 Ne7 13. c3 Bd6 14.
Nf4 Qc7 15. Nd3 h5 16. f4 hxg4 17. hxg4 Be4 18. Ne5 Bxg2 19. Kxg2 f6 20. Nd3 Ng6 21. Qe2 Kf7 22. Ne5+ fxe5 23. fxe5+ Kg8 24. Qd3 Nh4+ 25. Kg3 Be7 26. Rh1 Rf8 27. Rf1 Rxf1 28. Qxf1 Kh7 29. Qd3+ g6 30. Bd2 Rf8 31. Rh1 Kg7 32. Rxh4 Bxh4+ 33. Kxh4 Qf7 34. Kg5 Qe7# 0-1

[Event "***Titled Tuesday 3|2 Blitz"]
[Site "Chess.com"]
[Date "2017.02.07"]
[Round "1"]
[White "AndrewMcStone"]
[Black "Astaneh"]
[Result "0-1"]
[WhiteElo "2062"]
[BlackElo "2463"]
[TimeControl "180+2"]
[EndTime "13:05:53 PST"]
[Termination "Astaneh won by resignation"]

1. d4 Nf6 2. c4 g6 3. Nc3 d5 4.
cxd5 Nxd5 5. Bd2 Bg7 6. e4 Nxc3 7. Bxc3 O-O 8. Be2 c5 9. d5 Bxc3+ 10. bxc3 e6 11. c4 exd5 12. exd5 Nd7 13. Nf3 Nf6 14. O-O Bg4 15. h3 Bxf3 16. Bxf3 Ne8 17. Qd2 Qf6 18.
Rab1 Nd6 19. Qd3 Rfe8 20. Rfe1 Re7 21. Kf1 Rae8 22. Rxe7 Rxe7 23. a4 Qe5 24. a5 Qh2 25. g3 Qxh3+ 26. Bg2 Qg4 27. Re1 Qxc4 28. Qxc4 Rxe1+ 29. Kxe1 Nxc4 0-1

[Event "***Titled Tuesday 3|2 Blitz"]
[Site "Chess.com"]
[Date "2017.02.07"]
[Round "1"]
[White "DrVelja"]
[Black "Generalas"]
[Result "1-0"]
[WhiteElo "2518"]
[BlackElo "2203"]
[TimeControl "180+2"]
[EndTime "13:05:57 PST"]
[Termination "DrVelja won by resignation"]

1. e4 e5 2. Nf3 Nc6 3. d4 exd4 4.
Nxd4 Bc5 5. Nb3 Bb6 6. Nc3 Nf6 7.
Qe2 O-O 8. Bg5 h6 9. Bh4 Nd4 10. Qd3 Nxb3 11. axb3 g5 12. Bg3 d6 13. O-O-O Qe7 14.
h4 Be6 15. hxg5 hxg5 16. e5 dxe5 17. Bxe5 Rfd8 18. Qf3 Rxd1+ 19. Nxd1 Kg7 20. Bxf6+ Qxf6 21. Rh7+ Kxh7 22. Qxf6 1-0

[Event "***Titled Tuesday 3|2 Blitz"]
[Site "Chess.com"]
[Date "2017.02.07"]
[Round "1"]
[White "Rozum_Ivan"]
[Black "pastouche06"]
[Result "0-1"]
[WhiteElo "2564"]
[BlackElo "2318"]
[TimeControl "180+2"]
[EndTime "13:06:01 PST"]
[Termination "pastouche06 won by checkmate"]

1. e4 c6 2. Nc3 d5 3. Nf3 Bg4 4.
h3 Bxf3 5. Qxf3 Nf6 6. d3 e6 7. a3 Nbd7 8. g4 h6 9. Bg2 d4 10. Nb1 Bd6 11. Nd2 Ne5 12. Qe2 Ng6 13. Nc4 e5 14. h4 Bc7 15. h5 Nf8 16. f4 exf4 17. e5 Nd5 18. Nd6+ Bxd6 19. exd6+ Ne3 20. Bxe3 fxe3 21.
O-O Qxd6 22. b4 Ne6 23. Rf5 O-O 24. Raf1 f6 25. c3 Rae8 26. c4 Ng5 27. R5f4 a5 28. c5 Qc7 29. Rxd4 axb4 30. axb4 Qg3 31. Rf5 Nh3+ 32.
Kf1 Qh2 33. Bxh3 Qh1# 0-1

[Event "***Titled Tuesday 3|2 Blitz"]
[Site "Chess.com"]
[Date "2017.02.07"]
[Round "1"]
[White "kiborg1987"]
[Black "Feegus"]
[Result "1-0"]
[WhiteElo "2649"]
[BlackElo "2358"]
[TimeControl "180+2"]
[EndTime "13:06:06 PST"]
[Termination "kiborg1987 won by resignation"]

1. c4 Nf6 2. Nc3 g6 3. g3 Bg7 4. Bg2 O-O 5. d4 c5 6. d5 d6 7. Nh3 a6 8. a4 Nbd7 9. O-O Rb8 10. Bd2 Ne8 11. Nf4 Nc7 12. a5 b5 13. axb6 Nxb6 14.
b3 Bd7 15. Qc2 Rb7 16. Nd3 Qb8 17. Ra3 Rc8 18. e4 Bg4 19. f3 Bd4+ 20. Kh1 Bd7 21. Re1 Rf8 22. Ne2 Bg7 23. Bc3 e5 24. dxe6 Bxe6 25. Bxg7 Kxg7 26. Nc3 Nd7 27. f4 f6 28. e5 fxe5 29. Bxb7 Qxb7+ 30. Qg2 Bf5 31. Qxb7 1-0

[Event "***Titled Tuesday 3|2 Blitz"]
[Site "Chess.com"]
[Date "2017.02.07"]
[Round "1"]
[White "luisgui16"]
[Black "Maitreia"]
[Result "0-1"]
[WhiteElo "2077"]
[BlackElo "2473"]
[TimeControl "180+2"]
[EndTime "13:06:11 PST"]
[Termination "Maitreia won by resignation"]

1. e4 c5 2. Nf3 g6 3. d4 cxd4 4.
Qxd4 Nf6 5. e5 Nc6 6. Qa4 Nd5 7.
Qe4 Ndb4 8. Na3 d5 9. exd6 Bf5 10. Qc4 Bg7 11. c3 Na6 12. Bf4 O-O 13. O-O-O Be6 14. Qb5 exd6 15. Bxd6 Qf6 16. Bxf8 Rxf8 17. Kb1 Nab4 18.
Bc4 a6 19. Qg5 Bf5+ 20. Ka1 Qxc3 21. Qc1 Qxa3 22. Bb3 Na5 23. Nd4 Nxb3+ 0-1

[Event "***Titled Tuesday 3|2 Blitz"]
[Site "Chess.com"]
[Date "2017.02.07"]
[Round "1"]
[White "Alliswell998"]
[Black "VishnuPrasanna"]
[Result "1-0"]
[WhiteElo "2135"]
[BlackElo "2475"]
[TimeControl "180+2"]
[EndTime "13:06:14 PST"]
[Termination "Alliswell998 won by resignation"]

1. e4 e6 2. d4 d5 3. Nc3 Nf6 4. Bg5 dxe4 5. Nxe4 Be7 6. Bxf6 Bxf6 7. Nf3 O-O 8. Bd3 Nd7 9. Qe2 Be7 10. O-O-O c5 11.
dxc5 Qc7 12. h4 Nxc5 13. Nxc5 Bxc5 14. Ng5 h6 15. Ne4 Be7 16. g4 e5 17. Kb1 Be6 18. g5 Qa5 19. b3 Ba3 20. gxh6 f5 21. Rhg1 Rf7 22. hxg7 fxe4 23. Qh5 Rxg7 24. Rxg7+ Kxg7 25. Rg1+ Kf8 26. Qh6+ Ke7 27. Rg7+ Kd6 28. Qe3 Qc3 29. Rd7+ Kxd7 30. Bb5+ Qc6 31. Bxc6+ bxc6 32. Qxe4 Rf8 33. Qxe5 Rxf2 34. Qd4+ Bd6 35. Qxf2 Bg4 36. Qf7+ 1-0

[Event "***Titled Tuesday 3|2 Blitz"]
[Site "Chess.com"]
[Date "2017.02.07"]
[Round "1"]
[White "latigre"]
[Black "wnstop"]
[Result "0-1"]
[WhiteElo "1781"]
[BlackElo "2415"]
[TimeControl "180+2"]
[EndTime "13:06:16 PST"]
[Termination "wnstop won by resignation"]

1. e4 c5 2. Nc3 Nc6 3. f4 g6 4.
Nf3 Bg7 5. Bb5 Nd4 6. a4 a6 7. Bc4 e6 8. O-O Ne7 9. d3 d5 10. exd5 exd5 11. Ba2 Bg4 12. Re1 O-O 13. Rxe7 Qxe7 14. Bxd5 Rad8 15. Be4 c4 16. Nd5 Rxd5 17. Bxd5 Qc5 18. Bxc4 Nxf3+ 19. Kh1 Ne5 20. Qe1 Nxc4 21. dxc4 Qxc4 22. Ra3 Qxc2 23. h3 Bd7 0-1

[Event "***Titled Tuesday 3|2 Blitz"]
[Site "Chess.com"]
[Date "2017.02.07"]
[Round "1"]
[White "gmwesley_so"]
[Black "Robin-Side"]
[Result "1-0"]
[WhiteElo "2735"]
[BlackElo "2398"]
[TimeControl "180+2"]
[EndTime "13:06:17 PST"]
[Termination "gmwesley_so won by resignation"]

1. e4 g6 2. d4 Bg7 3. Nc3 e6 4.
Nf3 Ne7 5. Bd3 d5 6. e5 a6 7. Ne2 c5 8. c3 Nbc6 9. O-O O-O 10. Re1 f6 11. exf6 Bxf6 12. Bh6 Re8 13. Nf4 Nf5 14. Bxf5 gxf5 15. Ne5 Nxe5 16. dxe5 Bg7 17. Qh5 Bd7 18. Bxg7 Kxg7 19. Re3 Rg8 20. Rh3 Qe7 21. Qxh7+ Kf8 22.
Ng6+ Rxg6 23. Qxg6 Qg7 24. Qh5 Ke7 25. Qh4+ Kf7 26.
Rg3 Qh8 27. Qg5 Rf8 28. Re1 Rg8 29. Qxg8+ Qxg8 30. Rxg8 Kxg8 31. b4 cxb4 32. cxb4 Bb5 33. Rc1 Bc4 34. f4 Kf7 35. Kf2 Bxa2 36. Rc7+ Kg6 37.
Rxb7 Bc4 38. Ke3 Kh5 39. Rg7 Kh6 40. Rg5 Bb3 41. Kd4 Ba2 42. h3 Bb3 43. g4 fxg4 44.
hxg4 Ba2 45. Rg8 Bb3 46. Re8 1-0

[Event "***Titled Tuesday 3|2 Blitz"]
[Site "Chess.com"]
[Date "2017.02.07"]
[Round "1"]
[White "TricksOnly"]
[Black "mrkvoz"]
[Result "1/2-1/2"]
[WhiteElo "2390"]
[BlackElo "2627"]
[TimeControl "180+2"]
[EndTime "13:06:52 PST"]
[Termination "Game drawn by agreement"]

1. e4 d6 2. d4 Nf6 3. Nc3 e5 4. dxe5 dxe5 5. Qxd8+ Kxd8 6. Bc4 Ke8 7.
f4 Nbd7 8. Nf3 Bd6 9. O-O c6 10. fxe5 Nxe5 11. Nxe5 Bxe5 12. Bf4 Bxf4 13. Rxf4 Be6 14.
Bxe6 fxe6 15. e5 Nd5 16. Nxd5 cxd5 17. Raf1 Rd8 18. Rf7 Rd7 19. Rxd7 Kxd7 20. Rf7+ Kc6 21. Rxg7 d4 22. Kf2 a6 23. Kf3 Kd5 24. Rxb7 Kxe5 25.
Ra7 Rc8 26. Rxa6 Rxc2 27. Ra5+ Kd6 28. Ke4 Rxb2 29. Kxd4 Rxg2 30. Ra6+ Ke7 31. Ra7+ Kd6 32. Ra6+ Ke7 33. Ra7+ Kf6 34. Rxh7 Rxa2 35. Rh6+ Kf5 36.
Rh5+ Kg6 37. Rh8 Kg7 38. Re8 Kf7 39. Rh8 Kg7 40. Re8 Kf6 41. Rf8+ Ke7 42. Rh8 Kd6 43. h4 Ra4+ 44. Ke3 Ke5 45. h5 Ra3+ 46. Kf2 Rh3 47. Kg2 Rh4 48. Kg3 Rh1 49. Kg2 Rb1 50. h6 Kf6 51.
Re8 Rb7 52. Rh8 Kg6 53. Kf3 Rb4 54. Re8 Kxh6 55. Rxe6+ 1/2-1/2

[Event "***Titled Tuesday 3|2 Blitz"]
[Site "Chess.com"]
[Date "2017.02.07"]
[Round "1"]
[White "kleinebeer98"]
[Black "AndrewDGreen"]
[Result "1-0"]
[WhiteElo "2467"]
[BlackElo "2060"]
[TimeControl "180+2"]
[EndTime "13:06:52 PST"]
[Termination "kleinebeer98 won by checkmate"]

1. e4 Nf6 2. Nc3 d5 3. exd5 Nxd5 4. Qf3 Nxc3 5. Bc4 e6 6. bxc3 Be7 7. Ne2 O-O 8. O-O Nd7 9. d4 c5 10. Rd1 Qa5 11.
Bd3 Rb8 12. Bf4 Ra8 13. Rab1 Nf6 14. Be5 Qxa2 15. Ra1 Qd5 16. Qh3 h6 17. Nf4 Qc6 18. Re1 cxd4 19. cxd4 Bd7 20. Re3 Kh8 21. Rg3 Rg8 22.
Nh5 Nxh5 23. Qxh5 f6 24. Qg6 f5 25. Qxh6# 1-0

[Event "***Titled Tuesday 3|2 Blitz"]
[Site "Chess.com"]
[Date "2017.02.07"]
[Round "1"]
[White "MattyDPerrine"]
[Black "jncool68"]
[Result "0-1"]
[WhiteElo "2177"]
[BlackElo "2515"]
[TimeControl "180+2"]
[EndTime "13:06:56 PST"]
[Termination "jncool68 won on time"]

1. d4 Nf6 2. Nf3 e6 3. g3 b5 4. Bg2 Bb7 5. O-O Be7 6. Re1 O-O 7. a4 b4 8. a5 d5 9. Nbd2 c5 10. dxc5 Na6 11. Nb3 Nxc5 12. Nfd4 Rc8 13. Nxc5 Bxc5 14.
Nb3 Be7 15. Be3 a6 16. Qd3 Qc7 17. Rac1 Ne4 18. c3 bxc3 19. bxc3 Qc4 20. Nd2 Nxd2 21. Bxd2 Bf6 22. Bf1 Qc7 23. Bg2 Qxa5 24. c4 dxc4 25. Bxa5 cxd3 26. Bxb7 Rb8 27. Bf3 Rb5 28. Bd2 Rb3 29. Red1 Rd8 0-1

[Event "***Titled Tuesday 3|2 Blitz"]
[Site "Chess.com"]
[Date "2017.02.07"]
[Round "1"]
[White "Rikikits"]
[Black "RamonManon0g"]
[Result "1-0"]
[WhiteElo "2623"]
[BlackElo "2329"]
[TimeControl "180+2"]
[EndTime "13:06:57 PST"]
[Termination "Rikikits won by checkmate"]

1. e4 c5 2. Nf3 d6 3. d4 cxd4 4.
Nxd4 Nf6 5. Nc3 a6 6. Be2 e5 7.
Nb3 Be7 8. g4 h6 9. Rg1 Be6 10. h4 g6 11. g5 hxg5 12. Bxg5 Nfd7 13. Nd5 Bxg5 14. hxg5 Bxd5 15. Qxd5 Qc7 16. O-O-O Ke7 17. Bg4 Nb6 18. Qd3 N8d7 19. Kb1 Rac8 20. c3 Rh2 21. Qg3 Rch8 22. Rd3 Qc6 23. Bf3 Nc5 24. Nxc5 Qxc5 25. Bg2 Nc4 26. Rgd1 b5 27. b3 Na3+ 28. Kb2 b4 29. c4 a5 30. Rd5 Qb6 31. c5 dxc5 32. Qxe5+ Qe6 33. Rd7+ Kf8 34. Rd8+ Ke7 35. R1d7# 1-0

[Event "***Titled Tuesday 3|2 Blitz"]
[Site "Chess.com"]
[Date "2017.02.07"]
[Round "1"]
[White "FMchesstrainer"]
[Black "FabianoCaruana"]
[Result "0-1"]
[WhiteElo "2361"]
[BlackElo "2658"]
[TimeControl "180+2"]
[EndTime "13:06:58 PST"]
[Termination "FabianoCaruana won by resignation"]

1. d4 Nf6 2. Bg5 e6 3. Nd2 h6 4.
Bh4 c5 5. e3 b6 6. Ngf3 Bb7 7.
h3 Be7 8. Bg3 d6 9. c3 O-O 10.
Bd3 Nbd7 11. Qe2 a6 12. a4 Qc7 13. O-O Rfe8 14. Rfe1 Bf8 15. Bh2 e5 16. dxe5 dxe5 17. e4 Nh5 18. Nc4 Nf4 19. Qf1 b5 20. axb5 axb5 21.
Ne3 c4 22. Bc2 Nc5 23. Nd5 Bxd5 24. exd5 Rxa1 25. Rxa1 Nfd3 26. b4 Ne4 27. Bxd3 cxd3 28. Qxd3 Nxc3 29. Ra3 Bxb4 30. Rb3 Qc5 31. Bxe5 Nxd5 32.
Qb1 Qc4 33. Bg3 Nc3 34. Qb2 Ne2+ 35. Kh2 Bc3 36. Qc2 b4 37. Rb1 Nxg3 38. fxg3 Re2 39. Qf5 g6 40. Qd7 Qe4 41. Rd1 Qxf3 0-1

[Event "***Titled Tuesday 3|2 Blitz"]
[Site "Chess.com"]
[Date "2017.02.07"]
[Round "1"]
[White "Angry_Serb"]
[Black "MagnusCarlsen"]
[Result "0-1"]
[WhiteElo "2409"]
[BlackElo "2967"]
[TimeControl "180+2"]
[EndTime "13:07:02 PST"]
[Termination "MagnusCarlsen won by resignation"]

1. e4 e5 2. Nf3 Nc6 3. Nc3 Nf6 4. Be2 Bb4 5. Nd5 Be7 6. Nxe7 Qxe7 7. d3 d5 8. exd5 Nxd5 9. O-O O-O 10. Re1 Re8 11. Bf1 Bg4 12. h3 Bh5 13. c3 Rad8 14. g3 Qd7 15. Bg2 f6 16. Qb3 b6 17. Nd2 Bf7 18.
Qc2 Nde7 19. Bf1 Be6 20. Kh2 Ng6 21. Ne4 Rf8 22. h4 h6 23. h5 Nge7 24. f4 Bg4 25. Nf2 Bxh5 26. Bh3 Qd5 27. d4 Kh8 28. dxe5 fxe5 29.
Ne4 Bg6 30. Bg2 exf4 31. Bxf4 Qh5+ 32. Kg1 Nd5 33. Bd2 Ne5 34. Rf1 Ng4 35. Rf3 Qh2+ 36. Kf1 Rxf3+ 37. Bxf3 Nde3+ 0-1

[Event "***Titled Tuesday 3|2 Blitz"]
[Site "Chess.com"]
[Date "2017.02.07"]
[Round "1"]
[White "tigra"]
[Black "Evgeny81"]
[Result "1-0"]
[WhiteElo "2546"]
[BlackElo "2218"]
[TimeControl "180+2"]
[EndTime "13:07:05 PST"]
[Termination "tigra won by resignation"]

1. e4 c6 2. d4 d5 3. Nc3 dxe4 4.
Nxe4 Bf5 5. Ng3 Bg6 6. N3e2 e6 7. Nf4 Bd6 8. Nxg6 hxg6 9. Nf3 Nf6 10. g3 Nbd7 11.
Bg2 Qc7 12. O-O O-O-O 13. c3 e5 14. Qb3 Rdf8 15. Re1 exd4 16. cxd4 Nd5 17. Bd2 Re8 18. Ng5 N7f6 19. Rac1 Kb8 20. Ne4 Nxe4 21. Bxe4 Nf6 22. Rxc6 Nxe4 23. Rxc7 Bxc7 24. Bc1 f5 25. f3 Nf6 26.
Rxe8+ Rxe8 27. Kf1 Re7 28. Bg5 Bb6 29. Bxf6 gxf6 30.
Qg8+ Kc7 31. Qxg6 Bxd4 32. Qxf5 1-0

[Event "***Titled Tuesday 3|2 Blitz"]
[Site "Chess.com"]
[Date "2017.02.07"]
[Round "1"]
[White "Iball95"]
[Black "lucasmito"]
[Result "1-0"]
[WhiteElo "2412"]
[BlackElo "1769"]
[TimeControl "180+2"]
[EndTime "13:07:10 PST"]
[Termination "Iball95 won by checkmate"]

1. e4 e5 2. Nf3 Nc6 3. Nc3 Nf6 4.
Bb5 Bc5 5. O-O d6 6. d4 exd4 7. Nxd4 Bd7 8. Nb3 Bb6 9. Bg5 a6 10. Bd3 h6 11. Bh4 g5 12. Bg3 O-O 13. Kh1 Re8 14. f4 Bg4 15. Qd2 Nh5 16. Nd5 Be6 17. Nxb6 cxb6 18. Qf2 Rc8 19. Rad1 Nxf4 20. Bxf4 gxf4 21.
Qxf4 Qg5 22. Qf2 Ne5 23. Qxb6 Nxd3 24. cxd3 Rc2 25. Rf2 Bxb3 26. axb3 Rxf2 27. Qxf2 d5 28. Rf1 Re7 29. h3 dxe4 30. dxe4 Qe5 31. Re1 f5 32.
Rf1 Qxe4 33. Qxf5 Qxf5 34. Rxf5 Re1+ 35. Kh2 Re2 36. Rf6 Kg7 37. Rb6 Rxb2 38. Rxb7+ Kg6 39. Rb6+ Kh5 40. Kg3 a5 41. Kf3 a4 42. Rb5+ Kh4 43.
g3+ Kxh3 44. Rh5# 1-0

[Event "***Titled Tuesday 3|2 Blitz"]
[Site "Chess.com"]
[Date "2017.02.07"]
[Round "1"]
[White "pKiLz5Rn9b"]
[Black "wannabe2700"]
[Result "1-0"]
[WhiteElo "2575"]
[BlackElo "2285"]
[TimeControl "180+2"]
[EndTime "13:07:16 PST"]
[Termination "pKiLz5Rn9b won by checkmate"]

1. e4 e6 2. g3 d5 3. Bg2 dxe4 4.
Nc3 Nf6 5. Nxe4 Nxe4 6. Bxe4 Bc5 7. Bg2 Nc6 8. Nf3 O-O 9. O-O e5 10. d3 Bg4 11. Be3 Bb6 12. h3 Bh5 13. Qd2 Re8 14. Rfe1 h6 15. Nh4 Qf6 16. c3 Rad8 17. Be4 Rd7 18. Qc2 Nd8 19. Ng2 Bg6 20. Rad1 c6 21. Kh2 Ne6 22. Bxb6 axb6 23. Bxg6 fxg6 24. Re3 Red8 25.
Qe2 Rd5 26. f4 Nc5 27. fxe5 Qf5 28. d4 Ne6 29. Rf3 Qg5 30. h4 Qh5 31. g4 Qxg4 32.
Rf8+ Nxf8 33. Qxg4 Rxe5 34. dxe5 Re8 35. e6 Rxe6 36. Rd8 Rf6 37. Nf4 Kh7 38. Rxf8 Rxf8 39. Qxg6+ Kg8 40. Ne6 Rf2+ 41. Kg3 Rf7 42. Nd8 Re7 43. h5 Kh8 44. Nf7+ Kg8 45. Nxh6+ Kh8 46. Nf5 Rd7 47. Qe8+ Kh7 48. Qxd7 Kg8 49. Qxg7# 1-0

[Event "***Titled Tuesday 3|2 Blitz"]
[Site "Chess.com"]
[Date "2017.02.07"]
[Round "1"]
[White "Hikaru"]
[Black "Cryptochess"]
[Result "1-0"]
[WhiteElo "2921"]
[BlackElo "2408"]
[TimeControl "180+2"]
[EndTime "13:07:18 PST"]
[Termination "Hikaru won by resignation"]

1. Nf3 Nf6 2. b3 e6 3. Bb2 d5 4. g3 c5 5. Bg2 Nc6 6. c4 d4 7.
O-O Bd6 8. e3 e5 9. exd4 cxd4 10.
a3 a5 11. d3 O-O 12. Nbd2 Bf5 13. Qc2 Re8 14. Rfe1 a4 15. c5 axb3 16. Nxb3 Bc7 17. Nfd2 Nd5 18. Nc4 f6 19. Nd6 Be6 20. Nxe8 Qxe8 21.
Nxd4 Nxd4 22. Bxd4 Ba5 23. Re2 Rc8 24. Bb2 Qf7 25.
d4 exd4 26. Bxd4 h5 27. Rb1 h4 28. Rxb7 Qxb7 29. Rxe6 h3 30. Bxh3 Rb8 31. Re2 Kh8 32.
Bg2 Qc6 33. Qf5 Rd8 34. Be4 Kg8 35. h4 Qb5 36. Bxd5+ 1-0

[Event "***Titled Tuesday 3|2 Blitz"]
[Site "Chess.com"]
[Date "2017.02.07"]
[Round "1"]
[White "ChessMavenYeti"]
[Black "nihalsarin"]
[Result "0-1"]
[WhiteElo "2175"]
[BlackElo "2509"]
[TimeControl "180+2"]
[EndTime "13:07:21 PST"]
[Termination "nihalsarin won by checkmate"]

1. Nf3 c5 2. g3 Nc6 3. Bg2 g6 4. O-O Bg7 5. c4 e5 6. d3 Nge7 7. Nc3 h6 8. a3 a5 9. Nb5 d6 10. e3 O-O 11. Bd2 Be6 12. Bc3 Qd7 13. Rc1 f5 14. b3 Bf7 15. d4 cxd4 16. exd4 e4 17. Ne1 d5 18. c5 f4 19. gxf4 Nf5 20. Nc2 Nh4 21. Bh1 Be6 22. Ne3 Bh3 23. Re1 Rxf4 24. Nd6 Raf8 25. Nxd5 Rg4+ 26. Bg2 Rxg2+ 27. Kh1 Rfxf2 28.
Ne3 Rxh2+ 29. Kg1 Qe7 30. Ng4 Rfg2+ 31. Kf1 Rh1# 0-1

[Event "***Titled Tuesday 3|2 Blitz"]
[Site "Chess.com"]
[Date "2017.02.07"]
[Round "1"]
[White "JeremDev"]
[Black "Elshan1985"]
[Result "0-1"]
[WhiteElo "2099"]
[BlackElo "2490"]
[TimeControl "180+2"]
[EndTime "13:07:30 PST"]
[Termination "Elshan1985 won by resignation"]

1. e4 e5 2. Nf3 Nc6 3. Bc4 Nf6 4. d3 Be7 5. O-O O-O 6. c3 d6 7. Re1 Na5 8. Bb5 a6 9. Ba4 b5 10. Bc2 c5 11. Nbd2 Nc6 12. Nf1 Re8 13. h3 h6 14. Ng3 Be6 15. d4 cxd4 16. cxd4 exd4 17. Nxd4 Nxd4 18. Qxd4 Rc8 19. Bb3 d5 20. e5 Nd7 21.
Bf4 Nb6 22. Rac1 Nc4 23. Bc2 Bg5 24. Bxg5 Qxg5 25. Kh2 Qd2 26. Qxd2 Nxd2 27. Bd3 Nc4 28. b3 Nxe5 29. Rxc8 Bxc8 30. Be2 Kf8 31. Rd1 Bb7 32. f4 Ng6 33. f5 Nh4 34. Bf1 Re3 35. Rc1 d4 36.
Rc7 Re7 37. Rc2 Rd7 38. Bd3 Re7 39. Rd2 Nxg2 40. Rxg2 Bxg2 41. Kxg2 Re3 42. Be2 d3 43. Bf3 d2 44. Kf2 Rxf3+ 0-1